 Dungeon Crawl Stone Soup version 0.30.1-11-g7821555f0a (webtiles) character file.

Game seed: 2616395793360833015

127 GimliDwarf the Grasshopper (level 5, -1/43 HPs)
             Began as a Gnoll Warper on Jan 9, 2024.
             Slain by an orc wizard
             ... wielding a +0 dagger
              (2 damage)
             ... on level 3 of the Dungeon.
             The game lasted 00:03:55 (2212 turns).

GimliDwarf the Grasshopper (Gnoll Warper)           Turns: 2212, Time: 00:03:56

Health: -1/43      AC:  3    Str: 11    XL:     5   Next: 11%
Magic:  12/12      EV: 13    Int: 12    God:
Gold:   85         SH:  0    Dex: 13    Spells: 12/14 levels left

rFire   . . .        a - +0 falchion
rCold   . . .        (no shield)
rNeg    . . .        b - +0 leather armour
rPois   .            e - +0 hat
rElec   .            (no cloak)
rCorr   .            (no gloves)
SInv    .            (no boots)
Will    .....        (no amulet)
Stlth   +            (no ring)
HPRegen 0.27/turn    (no ring)
MPRegen 0.13/turn

%: no passive effects
@: no status effects
A: fangs 1, strong nose, distributed training
a: no special abilities


You were on level 3 of the Dungeon.
You visited 1 branch of the dungeon, and saw 3 of its levels.

You collected 85 gold pieces.

Inventory:

Hand Weapons
 a - a +0 falchion (weapon)
Missiles
 d - 7 boomerangs of dispersal
 f - 4 poisoned darts (quivered)
Armour
 b - a +0 leather armour (worn)
 e - a +0 hat (worn)
Jewellery
 l - an amulet of regeneration
Scrolls
 c - 2 scrolls of blinking
 h - a scroll of enchant weapon {unknown}
 i - 2 scrolls of magic mapping {unknown}
 j - a scroll of silence {unknown}
 n - a scroll of identify {unknown}
 p - a scroll of fog {unknown}
Potions
 g - 2 potions of mutation {unknown}
 k - a potion of curing {unknown}
 m - a potion of attraction {unknown}


   Skills:
 + Level 4.7 Fighting
 + Level 1.4 Short Blades
 + Level 4.7 Long Blades
 + Level 1.4 Axes
 + Level 1.4 Maces & Flails
 + Level 1.4 Polearms
 + Level 1.4 Staves
 + Level 1.4 Ranged Weapons
 + Level 2.9 Throwing
 + Level 2.9 Armour
 + Level 4.7 Dodging
 + Level 1.4 Stealth
 + Level 1.4 Shields
 + Level 1.4 Unarmed Combat
 + Level 5.2 Spellcasting
 + Level 1.1 Conjurations
 + Level 1.1 Hexes
 + Level 1.1 Summonings
 + Level 1.1 Necromancy
 + Level 5.5 Translocations
 + Level 1.1 Transmutations
 + Level 1.1 Fire Magic
 + Level 1.1 Ice Magic
 + Level 1.1 Air Magic
 + Level 1.1 Earth Magic
 + Level 1.1 Poison Magic
 + Level 1.6 Invocations
 + Level 1.4 Evocations


You had 12 spell levels left.
You knew the following spells:

 Your Spells              Type           Power      Damage    Failure   Level
a - Blink                 Tloc           32%        N/A       3%          2

Your spell library contained the following spells:

 Spells                   Type           Power      Damage    Failure   Level
 Lesser Beckoning         Tloc           32%        N/A       3%          2
 Teleport Other           Tloc           16%        N/A       8%          3
 Shock                    Conj/Air       20%        1d4       16%         1
 Vhi's Electric Charge    Tloc/Air       22%        N/A       19%         3
 Manifold Assault         Tloc           16%        N/A       26%         4
 Swiftness                Air            5%         N/A       43%         3
 Airstrike                Air            2%         2d(1-17)  83%         4


Dungeon Overview and Level Annotations

Branches:
Dungeon (3/15)

Altars:

Shops:
D:3 :


Innate Abilities, Weirdness & Mutations

You have very sharp teeth.
Your uncanny sense of smell can sniff out nearby items.
Your experience applies equally to all skills.


Message History

Something hits you.
Throw: javelin (silver)
Press: ? - help, Shift-Dir - straight line You throw a silver javelin.
Something hits you but does no damage.
You closely miss something. Your bite misses something. Something hits you.
You barely miss something. Something hits you but does no damage.
You miss something. Something hits you.
You miss something. Something hits you but does no damage.
You hit something. Something barely misses you.
You hit something but do no damage. Something hits you but does no damage.
You closely miss something.
Something hits you but does no damage. x2
You miss something. You bite something. Something hits you but does no damage.
You closely miss something.
You hear some strange, mumbled words.
A magic dart appears from out of thin air!
The magic dart hits you!
You closely miss something. Your bite misses something.
Something completely misses you.
You closely miss something. Your bite misses something.
Something barely misses you.
You miss something.
You hear some strange, mumbled words.
A magic dart appears from out of thin air!
The magic dart hits you!
* * * LOW HITPOINT WARNING * * *
You closely miss something. Something hits you but does no damage.
You closely miss something. Something hits you but does no damage.
You barely miss something. Something hits you.
* * * LOW HITPOINT WARNING * * *
You hit something but do no damage. Your punch misses something.
You hear some strange, mumbled words.
A magic dart appears from out of thin air!
The magic dart hits you!
* * * LOW HITPOINT WARNING * * *
You hit something. Something hits you but does no damage.
You closely miss something. Your bite misses something. Something hits you.
* * * LOW HITPOINT WARNING * * *
You barely miss something. Your bite misses something. Something hits you.
You die...

##########. .. #. .............#
.# #. .............# #.# #. ##
.............# #.# #.# #..
.............# #.#########.###.#
.............# #.#.............#
.............####.#....#.###.#..#
.........(...).{@...............#
.............####....#...####....
...................#.###.###....#
...†......#..........# #.#.......
..........#..⌠...⌠...# #.#.#†#.#.
..........##...∩.....# #.#.#.#.#.
..........##.⌠...⌠.......#.#.#.#.
..........##........######.#.#...
..........#####.....### #.#.#...


There were no monsters in sight!

Vanquished Creatures
  A bullfrog (D:3)
  An adder (D:2)
  2 worms (D:2)
  2 dart slugs (D:1)
  2 orcs (D:3)
  3 endoplasms (D:1)
  5 goblins
  2 hobgoblins
  4 jackals (D:2)
  5 ball pythons
  5 bats
  4 frilled lizards
  6 kobolds
  5 rats
47 creatures vanquished.

Notes
Turn   | Place    | Note
-------+----------+-------------------------------------------
     0 | D:1      | GimliDwarf the Gnoll Warper began the quest for the Orb.
     0 | D:1      | Reached XP level 1. HP: 20/20 MP: 6/6
    17 | D:1      | Found a faded altar of an unknown god.
   199 | D:1      | Reached XP level 2. HP: 26/26 MP: 7/7
   230 | D:1      | Learned a level 2 spell: Blink
   378 | D:1      | Reached skill level 5 in Spellcasting
   378 | D:1      | Reached XP level 3. HP: 31/31 MP: 7/9
   822 | D:2      | Reached skill level 1 in Invocations
  1401 | D:2      | Reached skill level 1 in Short Blades
  1401 | D:2      | Reached skill level 1 in Axes
  1401 | D:2      | Reached skill level 1 in Maces & Flails
  1401 | D:2      | Reached skill level 1 in Polearms
  1401 | D:2      | Reached skill level 1 in Staves
  1401 | D:2      | Reached skill level 1 in Ranged Weapons
  1401 | D:2      | Reached skill level 1 in Stealth
  1401 | D:2      | Reached skill level 1 in Shields
  1401 | D:2      | Reached skill level 1 in Unarmed Combat
  1401 | D:2      | Reached skill level 1 in Evocations
  1638 | D:2      | Reached XP level 4. HP: 33/38 MP: 11/11
  1937 | D:3      | Noticed a bullfrog
  1949 | D:3      | Killed a bullfrog
  1950 | D:3      | Reached skill level 1 in Conjurations
  1950 | D:3      | Reached skill level 1 in Hexes
  1950 | D:3      | Reached skill level 1 in Summonings
  1950 | D:3      | Reached skill level 1 in Necromancy
  1950 | D:3      | Reached skill level 1 in Transmutations
  1950 | D:3      | Reached skill level 1 in Fire Magic
  1950 | D:3      | Reached skill level 1 in Ice Magic
  1950 | D:3      | Reached skill level 1 in Air Magic
  1950 | D:3      | Reached skill level 1 in Earth Magic
  1950 | D:3      | Reached skill level 1 in Poison Magic
  1950 | D:3      | Reached XP level 5. HP: 7/43 MP: 12/12
  2100 | D:3      | Found Bucuf's Vocational Training.
  2209 | D:3      | HP: 2/43 [something/magic dart (8)]
  2212 | D:3      | Slain by an orc wizard

Illustrated notes

Levels and vault maps discovered:
D:1:      wheals_arrival_shading, layout_basic, basic_ecumenical_altar,
          minmay_pentomino_x2
D:2:      layout_basic
D:3:      layout_basic, mainiacjoe_overflow_swirl, palyth_stone_intersect,
          nicolae_shop_vocational

Skill      XL: |  1  2  3  4 |
---------------+-------------+-----
Spellcasting   | 5 |  5.2
Invocations    | 1 |  1.6
Short Blades   | 1 |  1.4
Axes           | 1 |  1.4
Maces & Flails | 1 |  1.4
Polearms       | 1 |  1.4
Staves         | 1 |  1.4
Ranged Weapons | 1 |  1.4
Stealth        | 1 |  1.4
Shields        | 1 |  1.4
Unarmed Combat | 1 |  1.4
Evocations     | 1 |  1.4
Conjurations   | 1 |  1.1
Hexes          | 1 |  1.1
Summonings     | 1 |  1.1
Necromancy     | 1 |  1.1
Transmutations | 1 |  1.1
Fire Magic     | 1 |  1.1
Ice Magic      | 1 |  1.1
Air Magic      | 1 |  1.1
Earth Magic    | 1 |  1.1
Poison Magic   | 1 |  1.1
Fighting       | |  4.7
Long Blades    | |  4.7
Throwing       | |  2.9
Armour         | |  2.9
Dodging        | |  4.7
Translocations | |  5.5

Action                     |  1- 3 |  4- 6 || total
---------------------------+-------+-------++-------
  Melee: Falchion          |   136 |    63 ||   199
         Bite              |    13 |     6 ||    19
         Punch             |     1 |     1 ||     2
  Throw: Dart              |     8 |     4 ||    12
         Javelin           |       |     4 ||     4
 Armour: Leather armour    |    51 |    32 ||    83
  Dodge: Dodged            |   104 |    41 ||   145
